Unix NetHack Version 5.0.0-0 post-release - last build Jun 10 2026 00:39:30 (3ee93aec679c4c4259841fe613dc97188e26a321,branch:main).

Game began 2026-07-05 18:56:16, ended 2026-07-05 19:07:09.

HomunculusP, chaotic male orcish Rogue

     -------
     |.....|
     |......##                                         --------------
     |.....| ###                       ----------      |:.......%...|
     |`.....)##########################-.>......|      |........d...|
     |.....|           --------        |.........#     |....d..$F..:|
     --.----          #-......|        |........|######....&...F....|
       #              #|......|        ------.-.-      |:..@..Ff.:..|
       ##         #####|......|              #         --------------
        #        ##    |..(...-###           #
        #       ##     --------  #           #
        #      ##                [#       ####
        #      #                  ###  ####
      --.--    #                    # -.--------.-
      |...|  ###                    ##|....<.(...|
      |.(.|  #                       #|..........|
      |....###                       #-..........|
      -----                           ------------

HomunculusP the Cutpurse  St:13 Dx:16 Co:12 In:11 Wi:11 Ch:10  Chaotic
Dlvl:2  $:18 HP:0(17) Pw:11(11) AC:8  Xp:3 T:1067  Burdened

Latest messages:
 As you read the scroll, it disappears.
 Your 10 orcish daggers glow blue for a moment.
 What do you want to read? [q or ?*] q
 As you read the scroll, it disappears.
 Your hands begin to glow red.
 Call a scroll labeled GHOTI: Red hands
 You see here a statue of a jackal.
 You have trouble lifting a statue of a jackal.  Continue? [ynq] (q) y
 You have trouble lifting u - a statue of a jackal.
 You rebalance your load.  Movement is difficult.
 What do you want to drop? [$a-lnr-u or ?*] u
 You drop a statue of a jackal.
 Your movements are now unencumbered.
 You see here a statue of a grid bug.
 You have a little trouble lifting a statue of a grid bug.  Continue? [ynq] (q) y
 You have a little trouble lifting v - a statue of a grid bug.
 Your movements are slowed slightly because of your load.
 You see here a statue of a jackal.
 What do you want to drop? [$a-lnr-tv or ?*] v
 You drop a statue of a grid bug.
 Your movements are now unencumbered.
 You see here a statue of a newt.
 You have a little trouble lifting a statue of a newt.  Continue? [ynq] (q) q
 You drop a statue of a newt.
 You see here a statue of a newt.
 w - a statue of a newt.
 You see here a statue of a jackal.
 You see here a statue of a newt.
 You have a little trouble lifting a statue of a newt.  Continue? [ynq] (q) y
 You have a little trouble lifting x - a statue of a newt.
 Your movements are slowed slightly because of your load.
 You see here a statue of a chameleon.
 The statue comes to life!
 The chameleon bites!
 The chameleon bites!
 The chameleon turns into a barbed devil!
 You have no ammunition readied.
 What do you want to fire? [$ab or ?*] *
 You are wielding 10 orcish daggers.  Ready 9 of them? [ynq] (q) y
 You ready: y - 9 +1 orcish daggers.
 In what direction? 6
 You throw 2 orcish daggers.
 The kitten yowls!
 The 1st orcish dagger hits the kitten.
 The kitten yowls!
 The 2nd orcish dagger hits the kitten.
 The barbed devil hits!
 You die...
 Do you want your possessions identified? [ynq] (y) y
 Do you want to see your attributes? [ynq] (y) q

Inventory:
 Coins    ('$')
  $ - 18 gold pieces
 Weapons  (')')
  b - a +1 orcish dagger (weapon in right hand)
  y - 7 +1 orcish daggers (at the ready)
  a - a +0 orcish short sword (alternate weapon; not wielded)
 Armor    ('[')
  n - a cursed -2 pair of gauntlets of dexterity (being worn)
  t - a blessed +0 pair of leather gloves
  c - a blessed +1 leather armor (being worn)
 Comestibles  ('%')
  i - an uncursed lembas wafer
  g - an uncursed pancake
  h - an uncursed tin of pureed jackal meat
  l - an uncursed lichen corpse
 Potions  ('!')
  r - 6 uncursed potions of healing
  d - an uncursed potion of sickness
  s - an uncursed potion of speed
 Rings    ('=')
  j - an uncursed ring of see invisible (on left hand)
 Tools    ('(')
  f - an empty uncursed sack
  e - an uncursed lock pick
 Boulders/Statues  ('`')
  w - an empty uncursed statue of a newt
  x - an empty uncursed statue of a newt

HomunculusP the Rogue's attributes:

Background:
 You were a Cutpurse, a level 3 male orcish Rogue.
 You were chaotic, nominally on a mission for Kos
 who was opposed by Issek (lawful) and Mog (neutral).
 You were right-handed.
 You were in the Dungeons of Doom, on level 2.
 You entered the dungeon 1067 turns ago.
 You had 41 experience points, 39 more were needed to attain level 4.

Basics:
 You had 0 out of 17 hit points.
 You had all 11 energy points (spell power).
 Your armor class was 8.
 Your wallet contained 18 zorkmids.
 Autopickup was off.

Final Characteristics:
 Your strength was 13 (limit:18/50).
 Your dexterity was 16 (base:18, limit:18).
 Your constitution was 12 (limit:18).
 Your intelligence was 11 (limit:16).
 Your wisdom was 11 (limit:16).
 Your charisma was 10 (limit:16).

Final Status:
 You weren't hungry.
 You were burdened; movement was slightly slowed.
 You were wielding a dagger.
 You had basic skill with dagger.

Final Attributes:
 You were devoutly aligned.
 You were poison resistant.
 You saw invisible.
 You had infravision.
 You would have confused monsters when hitting them.
 You were stealthy.
 You were warded.
 You are dead.

Miscellaneous:
 You didn't encounter any bones levels.
 Total elapsed playing time was 10 minutes and 52 seconds.

Major events:
 Turn
    1: HomunculusP the chaotic male orcish Rogue entered the dungeon
  993: attained the rank of Cutpurse (level 3)
 1067: killed by a chameleon imitating a barbed devil

You didn't know any spells.

Skills:
 Fighting Skills
   bare handed combat [Unskilled]
   two weapon combat  [Unskilled]
   riding             [Unskilled]
 Weapon Skills
   dagger             [Basic]
   knife              [Unskilled]
   short sword        [Basic]
   broadsword         [Unskilled]
   long sword         [Unskilled]
   two-handed sword   [Unskilled]
   saber              [Unskilled]
   club               [Unskilled]
   mace               [Unskilled]
   morning star       [Unskilled]
   flail              [Unskilled]
   hammer             [Unskilled]
   polearms           [Unskilled]
   spear              [Unskilled]
   crossbow           [Unskilled]
   dart               [Unskilled]
   shuriken           [Unskilled]
 Spellcasting Skills
   divination spells  [Unskilled]
   escape spells      [Unskilled]
   matter spells      [Unskilled]

Voluntary challenges:
 Character rerolling was not enabled.
 You were an atheist.
 You never genocided any monsters.
 You never polymorphed an object.
 You never changed form.
 You used no wishes.
Achievement:
 You attained the rank of Cutpurse.

 The Dungeons of Doom: levels 1 to 2
    Level 1:
       An altar to Kos.
    Level 2: <- You were here.
       Final resting place for
          you, killed by a chameleon imitating a barbed devil.


Vanquished creatures:
 an orc shaman
 an acid blob
  2 geckos
  2 kobolds
  2 goblins
  2 grid bugs
  4 lichens
  a kobold zombie
  4 newts
19 creatures vanquished.

No species were genocided or became extinct.

Game over:
                       ----------
                      /          \
                     /    REST    \
                    /      IN      \
                   /     PEACE      \
                  /                  \
                  |   HomunculusP    |
                  |      18 Au       |
                  |   killed by a    |
                  |    chameleon     |
                  |   imitating a    |
                  |   barbed devil   |
                  |       2026       |
                 *|     *  *  *      | *
        _________)/\\_//(\/(/\)/\//\/|_)_______

Goodbye HomunculusP the Rogue...

You died in The Dungeons of Doom on dungeon level 2 with 231 points,
and 18 pieces of gold, after 1067 moves.
You were level 3 with a maximum of 17 hit points when you died.

